Map: 16-Bit LE

Players

A.I. 1 (Very Hard)

  • Race: Zerg Zerg
  • Spawn Location: 7:00

larsgj - Winner!

  • Race: Terran Terran
  • Spawn Location: 1:00

VOD

Have the link to the VOD?

Description

Time

  • Played on: Dec. 23, 2022, 11:17 a.m.
  • Length: 23:37
Show
View Real Time Build Order
Export as new Build Order

A.I. 1 (Very Hard) Zerg 

Build Orders: Pool First 

Get SALT Encoding   

  12  0:00  Drone  
  13  0:12  Overlord  
  13  0:17  Drone  
  14  0:30  Drone x2  
  14  0:34  Drone  
  17  0:48  Spawning Pool  
  16  0:50  Drone  
  17  1:11  Hatchery  
  17  1:15  Drone  
  17  1:17  Extractor  
  16  1:20  Drone  
  16  1:24  Drone  
  18  1:28  Drone  
  19  1:38  Overlord  
  19  1:47  Queen  
  19  1:51  Zergling x2  
  22  2:00  Drone  
  23  2:11  Drone  
  24  2:21  Drone  
  25  2:23  Queen  
  27  2:32  Roach Warren  
  27  2:35  Drone  
  27  2:38  Drone  
  27  2:42  Zergling x2  
  29  2:45  Zergling x2  
  30  2:52  Overlord  
  30  2:54  Drone  
  31  2:58  Drone  
  31  3:00  Drone  
  31  3:04  Drone  
  34  3:11  Roach  
  34  3:12  Roach  
  38  3:16  Roach  
  42  3:20  Roach  
  42  3:25  Overlord  
  42  3:26  Drone  
  43  3:28  Drone  
  43  3:33  Overlord  
  44  3:37  Overlord  
  44  3:43  Roach  
  44  3:44  Roach  
  44  3:47  Roach  
  50  3:50  Roach  
  50  3:53  Roach  
  54  3:56  Roach  
  54  3:59  Roach  
  54  4:02  Roach  
  60  4:04  Drone  
  60  4:06  Drone  
  60  4:08  Drone  
  63  4:10  Drone  
  63  4:13  Extractor  
  63  4:15  Drone  
  64  4:20  Overlord  
  64  4:23  Overlord  
  64  4:26  Drone  
  64  4:28  Drone  
  64  4:30  Drone  
  67  4:32  Drone  
  67  4:38  Roach x2  
  72  4:40  Roach  
  72  4:43  Roach  
  76  4:46  Overlord  
  76  4:48  Drone  
  76  4:50  Drone  
  78  4:53  Drone  
  78  4:57  Drone  
  80  5:01  Overlord  
  80  5:02  Lair  
  80  5:05  Roach  
  82  5:08  Roach  
  82  5:10  Roach  
  82  5:13  Roach  
  88  5:16  Overlord  
  88  5:18  Drone  
  88  5:19  Drone  
  88  5:21  Drone  
  91  5:29  Drone  
  91  5:31  Drone  
  91  5:33  Drone  
  91  5:35  Overlord  
  94  5:41  Extractor  
  94  5:42  Drone  
  94  5:43  Extractor, Drone  
  94  5:59  Evolution Chamber  
  94  6:02  Evolution Chamber  
  94  6:03  Drone x4, Infestation Pit  
  94  6:04  Drone  
  96  6:06  Drone x4, Hydralisk Den  
  96  6:08  Overlord  
  99  6:18  Ravager  
  100  6:23  Spine Crawler  
  100  6:25  Ravager  
  100  6:27  Spine Crawler  
  100  6:28  Drone  
  100  6:34  Zerg Missile Weapons Level 1  
  100  6:38  Hydralisk x2  
  104  6:41  Infestor  
  106  6:52  Infestor  
  108  6:56  Hydralisk  
  108  6:57  Overlord  
  110  7:01  Hydralisk  
  110  7:04  Spore Crawler  
  110  7:05  Drone  
  110  7:06  Spore Crawler  
  110  7:07  Drone  
  112  7:15  Overseer  
  112  7:18  Spine Crawler  
  112  7:19  Drone  
  112  7:20  Infestor  
  114  7:34  Infestor  
  116  7:46  Hatchery x2  
  116  7:48  Zerg Ground Armor Level 1  
  114  7:52  Hydralisk  
  114  7:57  Hydralisk, Drone, Spine Crawler  
  114  7:58  Overlord  
  118  8:13  Lurker Den  
  118  8:19  Queen  
  119  8:23  Queen  
  121  8:36  Spine Crawler  
  120  8:42  Zergling x2  
  120  8:44  Overlord, Zergling x2  
  122  8:52  Zergling x2  
  122  8:55  Drone, Spine Crawler, Hive  
  123  8:58  Drone x2  
  123  8:59  Drone x4, Spine Crawler  
  123  9:00  Drone x3  
  123  9:01  Drone x3  
  123  9:02  Drone x4, Spore Crawler, Overlord  
  138  9:03  Drone x4  
  138  9:04  Spore Crawler  
  138  9:06  Drone  
  138  9:07  Extractor  
  138  9:09  Drone x2  
  140  9:10  Evolution Chamber, Metabolic Boost  
  140  9:11  Drone  
  140  9:12  Lurker  
  140  9:14  Baneling Nest  
  140  9:15  Drone  
  128  9:20  Drone  
  128  9:22  Hydralisk, Drone  
  128  9:23  Drone  
  123  9:26  Hydralisk  
  123  9:28  Drone  
  123  9:29  Drone  
  108  9:33  Roach  
  108  9:35  Overseer  
  108  9:36  Roach  
  108  9:38  Roach  
  114  9:39  Roach  
  114  9:41  Roach  
  118  9:49  Spire  
  117  9:56  Extractor  
  117  9:59  Baneling  
  116  10:09  Ravager, Viper  
  116  10:11  Roach, Baneling  
  116  10:12  Baneling x2, Zergling x2  
  116  10:13  Baneling  
  123  10:15  Baneling, Zergling x2  
  123  10:18  Hydralisk  
  126  10:21  Hydralisk  
  128  10:30  Infestor  
  128  10:32  Roach  
  128  10:34  Roach  
  136  10:35  Roach  
  136  10:37  Overlord, Zergling x4  
  136  10:38  Hydralisk, Zergling x8  
  136  10:41  Hydralisk  
  146  10:47  Hatchery  
  143  10:52  Queen, Spore Crawler  
  143  10:55  Ravager  
  133  11:03  Corruptor  
  114  11:06  Infestor  
  114  11:17  Infestor  
  116  11:18  Roach Warren  
  116  11:25  Corruptor  
  110  11:30  Lair  
  108  11:34  Extractor  
  107  11:43  Spine Crawler  
  107  11:44  Spore Crawler  
  105  11:50  Lurker  
  106  11:55  Queen  
  106  12:00  Roach, Drone x3, Ravager  
  106  12:01  Drone x4  
  116  12:02  Drone x4  
  116  12:03  Drone x4  
  116  12:07  Extractor  
  126  12:08  Drone  
  126  12:10  Infestor  
  126  12:11  Extractor, Hatchery  
  126  12:12  Drone x2  
  128  12:21  Infestor  
  130  12:23  Roach  
  130  12:24  Roach  
  130  12:26  Roach  
  136  12:31  Hydralisk Den  
  136  12:32  Drone  
  136  12:45  Hive  
  136  13:01  Spine Crawler  
  136  13:02  Hydralisk x2  
  136  13:03  Drone  
  136  13:04  Hydralisk  
  136  13:05  Overlord  
  142  13:06  Hydralisk  
  142  13:07  Drone, Spore Crawler  
  142  13:09  Spine Crawler  
  142  13:10  Drone  
  142  13:12  Drone, Spore Crawler  
  144  13:14  Infestor  
  144  13:17  Overseer  
  146  13:24  Queen, Overlord  
  146  13:25  Infestor  
  150  13:30  Lurker  
  150  13:32  Hydralisk  
  153  13:38  Extractor  
  153  13:39  Extractor, Drone x2  
  153  13:43  Overlord  
  153  13:45  Zerg Missile Weapons Level 2  
  153  13:49  Spine Crawler  
  153  13:51  Drone  
  153  13:56  Viper x2  
  153  13:59  Drone, Ultralisk Cavern  
  159  14:09  Hatchery  
  158  14:10  Drone  
  158  14:11  Spine Crawler  
  158  14:12  Drone  
  158  14:13  Spine Crawler  
  158  14:14  Drone  
  158  14:15  Spine Crawler  
  158  14:16  Corruptor  
  158  14:17  Drone, Overseer, Lair  
  161  14:27  Pneumatized Carapace  
  161  14:31  Overlord, Corruptor  
  161  14:34  Spore Crawler  
  161  14:35  Drone, Overseer  
  163  14:38  Evolution Chamber  
  163  14:40  Drone  
  163  14:47  Ultralisk x3  
  163  14:48  Ultralisk  
  163  14:49  Overlord  
  187  14:53  Evolution Chamber  
  187  14:54  Drone  
  187  14:55  Spore Crawler  
  187  14:56  Drone  
  187  14:57  Spore Crawler  
  187  14:58  Drone  
  187  15:02  Ultralisk  
  187  15:04  Zerg Melee Weapons Level 1  
  193  15:11  Ultralisk  
  199  15:19  Corruptor  
  199  15:21  Corruptor  
  199  15:22  Zergling x2  
  199  15:24  Baneling, Zergling x2  
  199  15:26  Hydralisk  
  182  15:30  Corruptor  
  182  15:33  Hydralisk  
  175  15:37  Hydralisk  
  175  15:42  Corruptor  
  179  15:43  Baneling  
  179  15:44  Baneling, Zergling x2  
  179  15:45  Baneling  
  180  15:50  Spawning Pool  
  180  15:52  Drone  
  180  15:54  Corruptor  
  182  15:58  Corruptor  
  182  16:02  Corruptor  
  186  16:06  Corruptor  
  186  16:09  Corruptor  
  190  16:14  Corruptor  
  190  16:17  Corruptor  
  194  16:21  Corruptor  
  194  16:25  Corruptor  
  198  16:29  Corruptor  
  198  16:31  Drone x2  
  195  16:34  Drone  
  195  16:35  Drone  
  195  16:37  Drone x2  
  195  16:39  Drone  
  195  16:40  Drone  
  195  16:42  Zergling x2  
  195  16:44  Hydralisk  
  180  16:47  Hydralisk  
  180  16:49  Hydralisk  
  180  16:52  Hydralisk  
  180  16:54  Drone  
  169  16:55  Drone  
  169  16:58  Drone  
  169  17:00  Corruptor  
  160  17:03  Drone  
  160  17:05  Corruptor  
  154  17:08  Zergling x2  
  154  17:11  Corruptor  
  157  17:22  Hydralisk  
  148  17:26  Hydralisk  
  148  17:29  Hydralisk  
  140  17:31  Drone  
  140  17:32  Drone  
  140  17:33  Drone  
  140  17:36  Zergling x2  
  135  17:38  Hydralisk  
  135  17:39  Drone  
  135  17:42  Roach  
  128  17:44  Roach  
  128  17:46  Drone  
  128  17:47  Hatchery  
  128  17:48  Drone  
  128  17:49  Drone  
  128  17:51  Zergling x2  
  124  17:52  Drone  
  124  17:53  Drone  
  124  17:56  Roach  
  124  17:57  Roach  
  104  17:59  Hydralisk  
  104  18:01  Drone  
  104  18:02  Drone  
  104  18:03  Drone  
  97  18:08  Hydralisk, Zergling x2  
  97  18:11  Roach, Hydralisk  
  97  18:15  Zergling x2  
  97  18:16  Roach, Baneling Nest  
  97  18:19  Hydralisk  
  96  18:20  Drone  
  103  18:27  Ultralisk  
  103  18:29  Overseer  
  99  18:35  Spawning Pool  
  99  18:37  Drone  
  99  18:38  Drone  
  99  18:39  Hydralisk  
  99  18:41  Drone  
  97  18:42  Drone  
  97  18:43  Drone  
  95  18:53  Hydralisk  
  92  18:56  Hydralisk  
  92  18:57  Drone  
  92  19:01  Hydralisk  
  89  19:03  Drone  
  89  19:05  Drone  
  89  19:06  Drone  
  89  19:07  Drone  
  89  19:08  Drone  
  89  19:10  Drone  
  89  19:11  Drone  
  89  19:12  Drone  
  89  19:13  Drone  
  89  19:15  Drone  
  89  19:16  Drone  
  94  19:18  Drone  
  88  19:24  Zergling x2  
  88  19:25  Zergling x2, Roach Warren  
  88  19:26  Drone  
  88  19:27  Drone  
  88  19:28  Drone  
  88  19:30  Drone, Hydralisk Den  
  88  19:31  Drone  
  93  19:32  Drone  
  93  19:34  Spawning Pool  
  92  19:38  Drone  
  92  19:40  Drone x2  
  92  19:42  Drone  
  92  19:43  Drone  
  95  19:48  Drone x2  
  95  19:49  Drone  
  95  19:51  Drone  
  95  19:52  Hatchery  
  85  19:55  Drone x2  
  85  19:56  Drone  
  85  19:58  Drone  
  85  20:05  Roach x2  
  85  20:06  Roach  
  85  20:09  Roach  
  85  20:11  Drone  
  85  20:12  Drone  
  85  20:13  Drone  
  75  20:22  Roach  
  75  20:23  Drone  
  75  20:25  Drone  
  75  20:26  Drone  
  75  20:27  Drone, Overseer  
  68  20:48  Overlord  
  65  20:54  Hatchery  
  56  21:11  Overlord  
  56  21:17  Roach  
  56  21:22  Roach, Drone x2  
  59  21:28  Roach, Drone x2  
  59  21:30  Roach, Drone  
  64  21:38  Overlord  
  64  21:39  Roach, Drone  
  65  21:52  Drone x2  
  54  22:20  Drone  
  54  22:22  Drone  
  55  22:25  Drone  
  55  22:27  Drone  
  55  22:30  Drone x2  
  55  22:35  Drone  
  56  22:39  Drone  
  56  22:42  Drone x2  
  57  22:50  Drone  
  39  22:54  Drone  
  39  22:55  Drone  
  39  22:56  Drone  
  35  22:58  Drone  
  32  23:11  Drone  
  28  23:15  Drone  
  23  23:22  Drone  
  23  23:23  Drone  
  23  23:25  Drone  
Show
View Real Time Build Order
Export as new Build Order

larsgj Terran - Winner!

Build Orders:  

Get SALT Encoding   

  12  0:00  SCV  
  13  0:12  SCV  
  14  0:23  Supply Depot  
  14  0:24  SCV  
  15  0:44  SCV  
  15  0:46  Barracks  
  16  0:57  SCV  
  17  1:05  Refinery  
  17  1:09  SCV  
  17  1:10  Refinery  
  18  1:21  SCV  
  19  1:33  SCV  
  20  1:44  Engineering Bay  
  20  1:52  Command Center  
  20  1:55  SCV  
  20  2:00  Marine  
  22  2:16  SCV  
  23  2:25  Supply Depot  
  23  2:47  Marine  
  24  2:54  Supply Depot  
  24  2:56  Factory  
  24  3:04  Marine  
  25  3:22  Marine  
  25  3:25  Terran Infantry Weapons Level 1  
  26  3:33  SCV  
  27  3:40  Marine  
  28  3:45  SCV  
  29  3:51  Starport  
  29  3:57  SCV  
  29  3:58  Marine  
  29  4:00  Bunker  
  31  4:21  SCV  
  31  4:23  Refinery  
  32  4:27  Refinery  
  32  4:29  Bunker  
  32  4:33  SCV x2  
  32  4:38  Starport Tech Lab  
  34  4:45  SCV x2  
  36  4:57  SCV x2  
  38  5:04  Fusion Core  
  38  5:09  SCV  
  38  5:13  Missile Turret  
  39  5:19  Terran Infantry Armor Level 1  
  39  5:24  Marine  
  40  5:32  Missile Turret  
  40  5:34  Supply Depot  
  40  5:42  Marine, SCV  
  41  5:47  SCV  
  43  5:54  SCV, Missile Turret  
  43  5:57  Supply Depot  
  44  5:59  SCV  
  45  6:04  Battlecruiser  
  51  6:18  Armory  
  51  6:27  Starport  
  51  6:40  Orbital Command  
  51  6:44  Orbital Command  
  51  6:56  Missile Turret  
  51  7:09  Battlecruiser  
  51  7:14  Hi-Sec Auto Tracking  
  57  7:16  Missile Turret  
  57  7:24  Starport Tech Lab  
  57  7:40  Missile Turret  
  57  7:41  Supply Depot  
  57  7:53  Terran Ship Weapons Level 1  
  57  7:59  Weapon Refit  
  57  8:04  Supply Depot  
  57  8:11  Battlecruiser  
  63  8:13  Battlecruiser  
  69  9:15  Battlecruiser  
  75  9:17  Battlecruiser  
  81  9:47  Terran Vehicle And Ship Armor Level 1  
  81  10:19  Battlecruiser  
  81  10:20  Command Center  
  87  10:21  Battlecruiser  
  87  11:24  Battlecruiser  
  93  11:26  Battlecruiser  
  69  12:14  Refinery  
  69  12:15  Refinery  
  69  12:16  Missile Turret  
  69  12:18  SCV  
  70  12:28  Terran Ship Weapons Level 2  
  70  12:30  SCV  
  70  12:32  Battlecruiser  
  70  12:36  Missile Turret  
  83  12:42  Missile Turret  
  83  12:43  SCV  
  84  12:53  Battlecruiser  
  84  12:55  SCV  
  85  13:07  SCV  
  86  13:53  Battlecruiser  
  92  13:56  Planetary Fortress  
  92  13:57  Battlecruiser  
  98  14:30  Command Center  
  98  14:44  Terran Vehicle And Ship Armor Level 2  
  98  14:57  Battlecruiser  
  104  15:00  Neosteel Armor  
  104  15:02  Battlecruiser  
  110  15:44  Command Center  
  110  15:56  Missile Turret  
  110  16:01  Battlecruiser  
  116  16:16  Missile Turret  
  116  16:38  Missile Turret  
  110  16:58  Battlecruiser  
  110  16:59  Missile Turret  
  110  17:00  Terran Ship Weapons Level 3  
  116  17:05  Battlecruiser  
  122  17:20  Missile Turret  
  110  18:03  Battlecruiser  
  116  18:10  Battlecruiser  
  122  19:07  Battlecruiser  
  128  19:14  Battlecruiser  
  134  20:11  Battlecruiser  
  140  20:18  Battlecruiser  
  140  21:15  Battlecruiser  
  146  21:22  Battlecruiser  
  152  21:32  Barracks Reactor  
  152  22:19  Battlecruiser  
  158  22:27  Battlecruiser  
Tags
 
Matchup
TvZ
Opening
Pool First
Replay Pack
Multiplayer
Spawn Locations
Cross Positions
Add a new tag
Caveats
  • Supply blocks, unpowered buildings, or Contaminate may cause inaccurate times.
  • Supply counts are checked every 10 seconds.